 Dungeon Crawl Stone Soup version 0.26.1-2-gb8aa6d0cf2 (webtiles) character file.

Game seed: 15770037398770860290

4537 Gadfly the Basher (level 10, -8/96 HPs)
             Began as a Troll Delver on Feb 25, 2021.
             Was an Initiate of Gozag.
             Mangled by a wraith (10 damage)
             ... on level 9 of the Dungeon.
             The game lasted 00:14:19 (9748 turns).

Gadfly the Basher (Troll Delver)                    Turns: 9748, Time: 00:14:19

Health: -8/96      AC:  9    Str: 25    XL:     10   Next: 17%
Magic:  9/9        EV: 10    Int:  6    God:    Gozag
Gold:   1009       SH:  0    Dex: 11    Spells: 9/9 levels left

rFire    + . .     SeeInvis .   a - +4 flail (freeze)
rCold    . . .     Faith    .   (no shield)
rNeg     + . .     Spirit   .   w - +2 robe {rF+}
rPois    +         Reflect  .   (helmet restricted)
rElec    .         Harm     .   D - +0 cloak
rCorr    .         Rampage  .   (gloves unavailable)
Will     .....                  (boots unavailable)
Stlth    ++........             o - amulet of the acrobat
HPRegen  0.66/turn              h - ring of poison resistance
MPRegen  0.11/turn              s - ring of positive energy

@: mighty, berserk cooldown, slowed, very slow
A: large, unfitting armour, claws 3, regeneration 1, shaggy fur 1, tough skin 3
a: Renounce Religion, Potion Petition, Call Merchant, Bribe Branch


You were on level 9 of the Dungeon.
You worshipped Gozag.
Gozag was most pleased with you.
You visited 2 branches of the dungeon, and saw 10 of its levels.

You collected 1064 gold pieces.
You paid 55 gold pieces to Gozag.

Inventory:

Hand Weapons
 a - a +4 flail of freezing (weapon)
 b - a +0 hand axe of venom
 p - the +2 short sword of Exhibitionism {antimagic, *Rage +Fly rPois Int+9}
   (You found it on level 8 of the Dungeon)

   It reduces the magical energy of the wielder, and disrupts the spells and
   magical abilities of those hit.
   Natural abilities and divine invocations are not affected.
   It affects your intelligence (+9).
   It protects you from poison.
   It lets you fly.
   It may make you go berserk in combat.
 F - a +0 dire flail
Armour
 w - a +2 robe of fire resistance (worn)
 D - a +0 cloak (worn)
Jewellery
 h - a ring of poison resistance (left claw)
 o - an amulet of the acrobat (around neck)
 s - a ring of positive energy (right claw)
 A - an uncursed ring of see invisible
Wands
 g - a wand of digging (2)
 u - a wand of polymorph (10)
 v - a wand of acid (25)
 x - a wand of enslavement (9)
 B - a wand of disintegration (19) (quivered)
 C - a wand of paralysis (4)
Scrolls
 c - a scroll of fog
 d - 2 scrolls of magic mapping
 e - 2 scrolls of fear
 i - a scroll of remove curse
 k - 8 scrolls of teleportation
 m - 5 scrolls of enchant armour
 q - 5 scrolls of enchant weapon
 y - a scroll of blinking
Potions
 f - a potion of haste
 l - 2 potions of curing
 n - a potion of flight
 r - 4 potions of might
 E - a potion of mutation


   Skills:
 + Level 5.5 Fighting
 * Level 8.3 Maces & Flails
 + Level 6.0 Armour
 - Level 1.5 Dodging
 - Level 2.7 Stealth
 + Level 5.5 Evocations


You had 9 spell levels left.
You didn't know any spells.
Your spell library contained the following spells:

 Spells                   Type           Power        Failure   Level
 Corona                   Hex            0%           45%         1
 Foxfire                  Conj/Fire      0%           45%         1
 Freeze                   Ice            0%           45%         1
 Slow                     Hex            0%           58%         2
 Conjure Flame            Conj/Fire      0%           83%         3
 Frozen Ramparts          Ice            0%           83%         3
 Inner Flame              Hex/Fire       0%           83%         3
 Ozocubu's Armour         Ice            0%           83%         3
 Portal Projectile        Hex/Tloc       0%           83%         3
 Cause Fear               Hex            0%           99%         4
 Hailstorm                Conj/Ice       0%           99%         4
 Leda's Liquefaction      Hex/Erth       0%           99%         4
 Sticky Flame             Conj/Fire      0%           99%         4
 Summon Ice Beast         Ice/Summ       0%           99%         4
 Fireball                 Conj/Fire      0%           100%        5
 Silence                  Hex/Air        0%           100%        5
 Yara's Violent Unravell  Hex/Tmut       0%           100%        5
 Discord                  Hex            0%           100%        8


Dungeon Overview and Level Annotations

Branches:
Dungeon (9/15)             Temple (1/1) D:5
   Lair: D:8-11         Orc: D:9-12

Altars:
Ashenzari
Cheibriados
Dithmenos
Elyvilon
Fedhas
Gozag
Hepliaklqana
Kikubaaqudgha
Makhleb
Nemelex Xobeh
Okawaru
Qazlal
Ru
Sif Muna
Trog
Uskayaw
Vehumet
Wu Jian
Xom
Yredelemnul
Zin
The Shining One

Annotations:
D:9 WaxSun's ghost, novice TeAE


Innate Abilities, Weirdness & Mutations

You are too large for most types of armour.
You have claws for hands.
Your natural rate of healing is unusually fast.
You are covered in fur. (AC +1)
You have extremely tough skin. (AC +3)


Message History

The wraith hits you but does no damage.
WaxSun's ghost points at you and mumbles some strange words.
The bolt of lightning hits you!!!
* * * LOW HITPOINT WARNING * * *
The wraith barely misses you.
You feel much better. WaxSun's ghost completely misses you.
The wraith hits you!
* * * LOW HITPOINT WARNING * * *
WaxSun's ghost hits you but does no damage.
WaxSun's ghost waves its arms in wide circles.
The air twists around and strikes you!
* * * LOW HITPOINT WARNING * * *
The wraith completely misses you.
Things that are here:
a +0 giant spiked club; a +0 giant spiked club You barely miss the wraith.
The wraith is almost destroyed.
The wraith hits you!
You die...
Your body crumbles into a pile of gold.

###########################.# #.
.###.............#.#.#.#....# #.
##_'.............#.....###..####.
###.............'...[8###...[...
#############..'...[.#.....####
#.# #.# #.....$...[8#.....####
#.# #.# #...$W#.....#.........
#.# #.# ###.#W#.#.#.#.....####
#.# #.# #..@#######.....# #.#
#.########.##.##...#### ###.#
#......# #.##.##..## ....#
######.###....)...# ##..#
##...#####.###.## ....# ##.###.##
#.##...# ##.## ##.##
##.###.##...### #.# #.##
##.##........##### #.# #.#
#................


You could see a wraith and WaxSun's ghost.

Vanquished Creatures
  A two-headed ogre (D:9)
  3 wraiths (D:9)
  6 yaks (D:9)
  An ice beast (D:7)
  2 sky beasts (D:5)
  3 centaurs
  2 phantoms
  An ogre (D:4)
  2 bullfrogs
  A scorpion (D:5)
  6 killer bees (D:7)
  A howler monkey (D:4)
  8 wights
  A centaur skeleton (D:4)
  10 hounds
  A jelly (D:6)
  2 bullfrog skeletons
  5 orc wizards
  A gnoll shaman (D:4)
  An orc priest (D:6)
  3 worker ants
  2 hound skeletons
  A howler monkey zombie (D:7)
  3 gnolls
  10 adders
  2 shadow imps
  3 white imps
  2 ufetubi
  An adder skeleton (D:5)
  8 worms
  A dart slug (D:1)
  6 leopard geckos
  24 orcs
  A ball python (D:3)
  11 giant cockroaches
  6 goblins
  5 hobgoblins
  13 jackals
  3 quokkas
  3 bats
  2 frilled lizards
  9 kobolds
  A leopard gecko zombie (D:5)
  A quokka zombie (D:7)
  4 rats
183 creatures vanquished.

Notes
Turn   | Place    | Note
-------+----------+-------------------------------------------
     0 | D:5      | Gadfly the Troll Delver began the quest for the Orb.
     0 | D:5      | Reached XP level 1. HP: 22/22 MP: 0/0
   178 | D:1      | Reached skill level 2 in Maces & Flails
   178 | D:1      | Reached XP level 2. HP: 26/29 MP: 1/1
   194 | D:1      | Reached skill level 1 in Armour
   374 | D:1      | Reached skill level 1 in Evocations
   417 | D:1      | Reached XP level 3. HP: 36/36 MP: 2/2
  1178 | D:2      | Found a sparkling altar of Nemelex Xobeh.
  1230 | D:2      | Found a burning altar of Makhleb.
  1384 | D:2      | Reached XP level 4. HP: 22/44 MP: 3/3
  1959 | D:3      | Reached XP level 5. HP: 50/50 MP: 4/4
  2310 | D:4      | Noticed an ogre
  2313 | D:4      | Reached skill level 3 in Maces & Flails
  2363 | D:4      | Reached XP level 6. HP: 22/59 MP: 5/5
  3170 | D:4      | Found a hazy altar of Hepliaklqana.
  3186 | D:4      | Found a white marble altar of Elyvilon.
  3190 | D:4      | Found a radiant altar of Vehumet.
  3284 | D:5      | Reached XP level 7. HP: 44/66 MP: 6/6
  3507 | D:5      | Found a staircase to the Ecumenical Temple.
  3518 | Temple   | Entered the Ecumenical Temple
  3534 | Temple   | Became a worshipper of Gozag Ym Sagoz the Greedy
  3774 | D:5      | Found a shimmering altar of Xom.
  3776 | D:5      | Found a shimmering altar of Xom.
  3776 | D:5      | Found a shimmering altar of Xom.
  3786 | D:5      | Found a shimmering altar of Xom.
  3788 | D:5      | Found a shimmering altar of Xom.
  3828 | D:5      | Reached skill level 4 in Maces & Flails
  5210 | D:6      | Reached XP level 8. HP: 19/75 MP: 7/7
  5657 | D:6      | Reached skill level 5 in Maces & Flails
  6486 | D:7      | Found an iron altar of Okawaru.
  7051 | D:7      | Found an iron altar of Okawaru.
  7521 | D:8      | Found a sacrificial altar of Ru.
  7553 | D:8      | Reached skill level 6 in Maces & Flails
  7727 | D:7      | Reached XP level 9. HP: 23/85 MP: 8/8
  7990 | D:8      | Reached skill level 5 in Armour
  8330 | D:8      | Found a glowing golden altar of the Shining One.
  8384 | D:8      | Got an iridescent short sword
  8385 | D:8      | Identified the +2 short sword of Exhibitionism {antimagic,
                  | *Rage +Fly rPois Int+9} (You found it on level 8 of the
                  | Dungeon)
  8554 | D:9      | Reached skill level 7 in Maces & Flails
  8722 | D:9      | Reached skill level 5 in Fighting
  8722 | D:9      | Reached skill level 5 in Evocations
  8845 | D:9      | Got an ancient spear
  8846 | D:9      | Identified the cursed +0 spear "Couhajipa" {venom, +Blink
                  | rC+ Will-} (You found it on level 9 of the Dungeon)
  9554 | D:9      | Noticed a two-headed ogre
  9564 | D:9      | Killed a two-headed ogre
  9565 | D:9      | Reached skill level 8 in Maces & Flails
  9565 | D:9      | Reached XP level 10. HP: 57/96 MP: 9/9
  9565 | D:9      | Found a runed translucent gate.
  9565 | D:9      | Found a runed translucent gate.
  9565 | D:9      | Found a runed translucent gate.
  9565 | D:9      | Noticed WaxSun's ghost (novice TeAE)
  9639 | D:9      | Found a shimmering blue altar of Sif Muna.
  9747 | D:9      | HP: 1/96 [WaxSun's ghost/the air (15)]
  9748 | D:9      | Mangled by a wraith

Illustrated notes

Levels and vault maps discovered:
D:1:      matt_arrival_spirals, layout_basic
D:2:      layout_rooms, old_standard_altar, nemelex_altar_shiori
D:3:      layout_rooms
D:4:      layout_loops_ring, minmay_overflow_temple_star_quad,
          minmay_misc_feat_room
D:5:      layout_gridville, xom_redecorated, minmay_temple_entry_grid,
          serial_co_window_serial, co_window_corner_a, co_window_corner_a,
          co_window_paths_a, co_window_corner_a, co_window_of_opportunity_a,
          co_window_broadway_a, co_window_unsneaky_path_c, co_window_broadway_a,
          co_window_paths_c, co_window_corner_b, co_window_paths_e,
          co_window_sun, glass_columns_a, glass_columns_a, glass_columns_c,
          glass_columns_a
D:6:      layout_cave_pods, corner_web_ring
D:7:      layout_loops_corners, okawaru_trees_2, basic_altar, eino_tiny_chamber,
          solitary_fountain, roderic_serpentine_path
D:8:      layout_gridville, general_overflow_altar, nicolae_ru_awakened_eye
D:9:      layout_loops_ring, lemuel_blue_sif_altar, gammafunk_ghost_spectres,
          chequers_serial_rivers_room_b, hangedman_abyss_or_decor_slice,
          serial_bayou_pond_d
Temple:   eino_temple_water

Skill      XL: |  1  2  3  4  5  6  7  8  9 10 |
---------------+-------------------------------+-----
Maces & Flails | 2 3 4 6 8 |  8.3
Armour         | 1 2 3 4 5 6 |  6.0
Evocations     | 1 2 3 4 5 |  5.5
Fighting       | 3 4 5 |  5.5
Dodging        | |  1.5
Stealth        | |  2.7

Action                   |  1- 3 |  4- 6 |  7- 9 | 10-12 || total
-------------------------+-------+-------+-------+-------++-------
Melee: Mace              |    85 |       |       |       ||    85
       Dagger            |    77 |   260 |   266 |       ||   603
       Flail             |       |       |   175 |    21 ||   196
       Morningstar       |       |       |    22 |       ||    22
       Hand axe          |       |       |    46 |       ||    46
Evoke: Wand              |       |       |     2 |       ||     2
  Use: Scroll            |     4 |     4 |    14 |       ||    22
       Potion            |       |     1 |     1 |     3 ||     5
 Stab: Sleeping          |     3 |     4 |     7 |       ||    14
Armor: Robe              |   108 |    90 |   160 |    10 ||   368
       Skin              |       |       |    39 |       ||    39
Dodge: Dodged            |   176 |   158 |   308 |    15 ||   657
